 Dungeon Crawl Stone Soup version 0.29.0-4-gdea44cf6ec (webtiles) character file.

Game seed: 1539802678907023488

28 qw the Chopper (level 3, -3/21 HPs)
             Began as a Tengu Warper on Aug 28, 2022.
             Slain by Terence
             ... wielding a +1 flail of holy wrath
              (10 damage)
             ... on level 2 of the Dungeon.
             The game lasted 00:00:03 (987 turns).

qw the Chopper (Tengu Warper)                        Turns: 987, Time: 00:00:04

Health: -3/21      AC:  8    Str: 13    XL:     3   Next: 14%
Magic:  7/7        EV:  4    Int: 13    God:
Gold:   43         SH:  7    Dex: 13    Spells: 6/6 levels left

rFire   . . .      SeeInvis .   Y - +0 hand axe
rCold   . . .      Faith    .   d - +0 kite shield
rNeg    . . .      Spirit   .   j - +0 chain mail
rPois   .          Reflect  .   (helmet restricted)
rElec   .          Harm     .   (no cloak)
rCorr   .          Rampage  .   (no gloves)
Will    .....                   (boots unavailable)
Stlth   ..........              (no amulet)
HPRegen 0.07/turn               (no ring)
MPRegen 0.10/turn               (no ring)

@: no status effects
A: beak, talons 3
a: no special abilities


You were on level 2 of the Dungeon.
You visited 1 branch of the dungeon, and saw 2 of its levels.

You collected 43 gold pieces.


Innate Abilities, Weirdness & Mutations

You have a beak for a mouth.
You have claws for feet.


   Skills:
 - Level 2.0 Fighting
 - Level 3.3 Axes
 - Level 1.0 Throwing
 - Level 1.1 Armour
 - Level 2.1 Dodging
 + Level 1.5 Shields
 - Level 2.0 Spellcasting
 - Level 2.4 Translocations


You had 6 spell levels left.
You didn't know any spells.
Your spell library contained the following spells:

 Spells                   Type           Power      Damage    Failure   Level
 Blink                    Tloc           14%        N/A       100%        2
 Gell's Gravitas          Tloc           7%         N/A       100%        3
 Lesser Beckoning         Tloc           7%         N/A       100%        3
 Teleport Other           Tloc           7%         N/A       100%        3
 Manifold Assault         Tloc           7%         N/A       100%        5

Inventory:

Hand Weapons
 f - a +0 mace
 Y - a +0 hand axe (weapon)
Armour
 d - a +0 kite shield (worn)
 j - a +0 chain mail (worn)
Scrolls
 a - a scroll of identify {unknown}
Potions
 h - a potion of brilliance {unknown}
 l - a potion of degeneration {unknown}

Dungeon Overview and Level Annotations

Branches:
Dungeon (2/15)

Altars:

Annotations:
D:2 Terence


Message History

You kill the adder!
You barely miss the kobold. You block the kobold's attack.
Your Shields skill increases to level 1!
You have reached level 3!
Your experience leads to an increase in your attributes!
Increase (S)trength, (I)ntelligence, or (D)exterity?
You feel stronger. x2
You barely miss the kobold. You block the kobold's attack.
You hit the kobold. You claw the kobold.
You kill the kobold!
You now have 43 gold pieces (gained 13).
Things that are here:
a +0 dagger; a kobold corpse You open the door.
There is an open door here.
Found a stone staircase leading down.
There is a stone staircase leading down here.
a - a scroll labelled DAUXTA GOJUCI You open the door.
There is an open door here.
Terence the Incautious comes into view.
He is wielding a +1 flail of holy wrath and wearing a +2 scale mail of willpower.
Found a runed cloak.
Terence shouts!
You hear an angry hiss.
Enter note: You hit Terence.
Your peck misses Terence.
Terence is lightly wounded.
Terence hits you but does no damage.
You hit Terence but do no damage.
Terence is lightly wounded.
Terence hits you with a +1 flail of holy wrath!
You completely miss Terence. Your kick misses Terence.
Terence is lightly wounded.
Terence hits you with a +1 flail of holy wrath.
You block Terence's attack.
You hit Terence but do no damage. You peck Terence, but do no damage.
Terence is lightly wounded.
Terence hits you with a +1 flail of holy wrath!
You die...

#.# ... ..# ## #$#
... #.#
.###.##.######
........@.[..# #.##@#
####.##.# #....##.#
#....##.#
########....'..#
#...........#######.#
#...................#
#............#####..#
###..%.........#...#


You could see Terence.

Vanquished Creatures
  An adder (D:2)
  A worm (D:2)
  A bat (D:2)
  3 hobgoblins (D:1)
  3 jackals (D:1)
  A kobold (D:2)
  A quokka (D:1)
  2 ball pythons (D:1)
  A frilled lizard (D:1)
  2 rats (D:1)
16 creatures vanquished.

Vanquished Creatures (others)
  4 toadstools (D:1)
4 creatures vanquished.

Grand Total: 20 creatures vanquished

Notes
Turn   | Place    | Note
-------+----------+-------------------------------------------
     0 | D:1      | qw the Tengu Warper began the quest for the Orb.
     0 | D:1      | Reached XP level 1. HP: 12/12 MP: 4/4
     0 | D:1      | 0 ||| qw: Version: 0.1-a-89-g26bdef1
     0 | D:1      | 0 ||| qw: Game counter: 906
     0 | D:1      | 0 ||| qw: Always use a shield: true
     0 | D:1      | 0 ||| qw: God list: Okawaru
     0 | D:1      | 0 ||| qw: Allow faded altars: false
     0 | D:1      | 0 ||| qw: Do Orc after D:15 true
     0 | D:1      | 0 ||| qw: Do second Lair branch before Depths: true
     0 | D:1      | 0 ||| qw: Lair rune preference: random
     0 | D:1      | 0 ||| qw: Plans: Normal
     0 | D:1      | 0 ||| PLANNING D:1-11
    77 | D:1      | Found a faded altar of an unknown god.
   464 | D:1      | Reached XP level 2. HP: 17/17 MP: 6/6
   480 | D:1      | Reached skill level 3 in Axes
   849 | D:1      | 849 ||| UPGRADING to +0 kite shield.
   854 | D:1      | 854 ||| UPGRADING to +0 chain mail.
   864 | D:1      | 864 ||| DROPPING +0 leather armour.
   865 | D:1      | 865 ||| READING scroll labelled NAABABA ODU.
   868 | D:1      | 868 ||| READING scroll labelled PYGOESI IPPI.
   869 | D:1      | 869 ||| READING scroll labelled JONALE IRYAV.
   870 | D:1      | 870 ||| READING scroll labelled MELIUJ GENEHASS.
   871 | D:1      | 871 ||| DROPPING scroll of blinking.
   931 | D:2      | Reached skill level 1 in Shields
   931 | D:2      | Reached XP level 3. HP: 21/21 MP: 7/7
   983 | D:2      | Noticed Terence
   987 | D:2      | Slain by Terence

Levels and vault maps discovered:
D:1:      ldierk_water_garden, layout_basic, ebering_ecumenical_altar_box
D:2:      layout_basic, minmay_distorted, uniq_natasha, uniq_jessica,
          uniq_terence, uniq_sigmund

Skill      XL: |  1  2 |
---------------+-------+-----
Axes           | 3 |  3.3
Shields        | 1 |  1.5
Fighting       | |  2.0
Throwing       | |  1.0
Armour         | |  1.1
Dodging        | |  2.1
Spellcasting   | |  2.0
Translocations | |  2.4

Action                   || total
-------------------------++-------
Melee: Hand axe          ||    42
       Kick              ||     9
       Peck              ||     7
Throw: Boomerang         ||     7
  Use: Scroll            ||     4
Armor: Leather armour    ||     6
       Chain mail        ||     5
Dodge: Dodged            ||    18
Block: Kite shield       ||     5

Table legend:
 A = Non-vault XP
 B = Vault XP
 C = Vault XP percentage of total XP
 D = Non-vault monster count
 E = Vault monster count
 F = Vault count percentage of total count
                 A         B        C        D         E       F
            +---------+---------+-------+---------+---------+-------
      Total |      41 |       0 |   0.0 |      16 |       0 |   0.0
            +---------+---------+-------+---------+---------+-------
        D:1 |      19 |       0 |   0.0 |      12 |       0 |   0.0
        D:2 |      22 |       0 |   0.0 |       4 |       0 |   0.0
            +---------+---------+-------+---------+---------+-------
